AoeStats
← [CL] Al3jandr0.magn00

Arabia

506682749Analyzed
1v1 RM · 17d ago on Sep 14, 2026· 47m 30s· 2 players
Game mode
Random Map
Map size
Tiny (2 player)
Population
200
Speed
Normal
Resources
Standard
Victory
Conquest
Starting age
Dark Age
Ending age
Imperial Age
RankedLock teamsTeams togetherTeam positionsShared explorationLock speedFull tech treeHidden civsTurbo modeCheats
Victory
Defeat
🇦🇷 Khmer · Argentina
1835
+12
1735
-12
[CL] Al3jandr0.magn00
6:50 Loom
9:15 Feudal Age
9:47 Double-Bit Axe
9:42 Horse Collar
16:46 Bloodlines
17:32 Forging
18:21 Scale Barding Armor
21:51 Castle Age
22:19 Light Cavalry
22:59 Husbandry
24:14 Wheelbarrow
25:53 Bow Saw
27:09 Fletching
27:19 Padded Archer Armor
29:20 Elite Skirmisher
29:56 Bodkin Arrow
30:01 Padded Archer Armor
32:03 Leather Archer Armor
32:28 Stone Mining
33:32 Ballistics
33:10 Town Watch
33:35 Devotion
35:23 Hand Cart
35:41 Chain Barding Armor
41:35 Imperial Age
41:02 Iron Casting
42:58 Plate Barding Armor
43:11 Bracer
42:39 Capped Ram
46:35 Elite Battle Elephant
我你她这那 什么时候
6:38 Loom
9:10 Feudal Age
9:49 Double-Bit Axe
13:18 Horse Collar
19:06 Gold Mining
21:40 Castle Age
21:04 Bloodlines
21:46 Wheelbarrow
22:55 Husbandry
23:06 Bow Saw
31:02 Stone Mining
31:30 Hand Cart
31:46 Devotion
36:19 Imperial Age
33:52 Town Watch
38:59 Fletching
44:43 Pikeman
45:24 Squires
46:41 Supremacy
Connection lost

Rejoining the realm…

Still unreachable

The connection could not be restored.

Session expired

The server has moved on; the page needs a fresh start.